Map: Frozen Temple

Players

IlIlIlllIlIl - Winner!

  • Race: Zerg Zerg
  • League: Master

Miszu

  • Race: Protoss Protoss
  • League: Master

VOD

Have the link to the VOD?

Description

Time

  • Played on: April 3, 2016, 4:45 p.m.
  • Length: 11:56
Show
View Real Time Build Order
Export as new Build Order

IlIlIlllIlIl Zerg - Winner!

Build Orders: Hatch First 

Get SALT Encoding   

  12  0:01  Drone  
  13  0:13  Overlord  
  13  0:17  Drone  
  14  0:31  Drone x2  
  16  0:37  Drone  
  17  0:58  Drone x2  
  17  1:00  Hatchery  
  18  1:12  Extractor  
  18  1:13  Spawning Pool  
  18  1:16  Drone  
  17  1:20  Drone  
  18  1:29  Drone  
  19  1:41  Overlord  
  19  1:50  Drone  
  20  2:00  Queen  
  22  2:02  Drone  
  23  2:16  Queen  
  23  2:17  Hatchery  
  23  2:22  Metabolic Boost  
  24  2:26  Drone  
  24  2:29  Drone  
  26  2:31  Drone  
  27  2:37  Zergling x4  
  27  2:43  Zergling x2  
  30  2:45  Drone  
  30  2:47  Drone  
  32  2:57  Queen  
  32  2:58  Overlord  
  34  3:04  Drone  
  34  3:05  Drone  
  36  3:16  Overlord  
  36  3:19  Drone x4  
  40  3:25  Drone  
  41  3:27  Drone  
  41  3:29  Drone x2  
  41  3:32  Drone  
  45  3:37  Queen  
  45  3:38  Drone  
  45  3:39  Drone  
  49  3:43  Zergling x2  
  49  3:44  Zergling x2  
  51  3:53  Drone  
  51  3:54  Drone x4  
  55  3:57  Extractor  
  55  3:59  Extractor  
  53  4:05  Zergling x8  
  57  4:11  Drone  
  57  4:12  Overlord x2  
  58  4:21  Overlord x2  
  57  4:27  Lair  
  57  4:31  Evolution Chamber  
  57  4:32  Drone  
  57  4:33  Drone x4  
  61  4:39  Zergling x10  
  61  4:40  Zergling x2  
  67  4:47  Roach Warren  
  67  4:50  Zergling x2  
  67  4:51  Zergling x6  
  67  4:52  Zergling x2  
  66  5:00  Drone x3  
  66  5:03  Drone x2  
  65  5:07  Drone x2  
  65  5:08  Drone  
  65  5:10  Drone  
  66  5:15  Drone x2  
  66  5:16  Drone  
  66  5:24  Drone x3  
  66  5:27  Glial Reconstitution  
  67  5:30  Drone  
  67  5:34  Drone x2  
  67  5:35  Drone x2  
  72  5:37  Zerg Missile Weapons Level 1  
  72  5:43  Drone x3  
  72  6:01  Drone  
  72  6:02  Hydralisk Den  
  72  6:04  Spore Crawler  
  72  6:06  Drone x4  
  72  6:07  Spore Crawler, Drone x6  
  72  6:08  Spore Crawler  
  72  6:09  Spore Crawler  
  78  6:16  Spore Crawler  
  76  6:21  Overlord x3  
  76  6:24  Extractor x2  
  73  6:35  Hydralisk x4  
  73  6:36  Hydralisk x3  
  86  6:44  Hydralisk x3  
  86  6:45  Hydralisk  
  92  6:49  Drone x2  
  94  6:56  Hydralisk x3  
  98  7:04  Hydralisk x3  
  100  7:13  Overlord x3  
  100  7:14  Drone  
  100  7:15  Drone  
  102  7:16  Drone  
  102  7:17  Drone  
  104  7:23  Drone  
  104  7:24  Drone x3  
  104  7:27  Extractor  
  107  7:33  Drone  
  107  7:34  Drone  
  108  7:42  Muscular Augments  
  108  7:43  Zerg Missile Weapons Level 2  
  108  7:45  Drone  
  108  7:47  Hydralisk x3, Evolution Chamber  
  108  7:48  Roach  
  108  7:49  Roach x2  
  108  7:51  Roach  
  122  8:00  Drone  
  122  8:04  Overlord x3  
  122  8:10  Roach  
  122  8:11  Roach x4  
  132  8:13  Zerg Ground Armor Level 1  
  132  8:19  Overlord x2  
  132  8:20  Overlord  
  132  8:31  Hatchery  
  130  8:42  Drone x4  
  130  8:43  Drone x3  
  130  8:45  Hydralisk x2  
  130  8:46  Roach x2  
  130  8:47  Roach  
  147  8:58  Overlord x3  
  147  8:59  Overlord  
  144  9:08  Drone  
  144  9:09  Overlord x3, Drone  
  145  9:17  Roach x2  
  145  9:18  Roach x2  
  145  9:20  Ravager  
  145  9:21  Ravager x5  
  145  9:22  Ravager x3  
  145  9:23  Ravager x2  
  164  9:25  Ravager  
  165  9:41  Hydralisk x2  
  165  9:42  Hydralisk x3, Roach x2  
  165  9:43  Roach  
  180  9:47  Roach  
  180  9:48  Roach x2  
  186  9:55  Ravager x2  
  186  9:56  Ravager  
  186  9:59  Zergling x12  
  196  10:00  Zergling x8  
  199  10:15  Spore Crawler  
  199  10:19  Spore Crawler  
  197  10:23  Roach  
  199  10:31  Spore Crawler  
  180  10:50  Hydralisk x3  
  180  10:51  Hydralisk x3  
  180  10:52  Roach x3  
  171  10:58  Hydralisk x5  
  171  10:59  Hydralisk x3  
  173  11:05  Hydralisk x2  
  173  11:06  Zergling x4  
  173  11:07  Zergling x10  
  168  11:19  Hydralisk  
  168  11:20  Hydralisk x3  
  168  11:21  Zergling x2, Roach  
  168  11:22  Zergling x14  
  186  11:36  Overseer x2  
  186  11:37  Overseer x2  
Show
View Real Time Build Order
Export as new Build Order

Miszu Protoss 

Build Orders: 1 Gate Expand 

Get SALT Encoding   

  12  0:01  Probe (Chrono Boost)  
  13  0:13  Probe (Chrono Boost)  
  14  0:17  Pylon  
  14  0:24  Probe (Chrono Boost)  
  15  0:35  Probe (Chrono Boost)  
  16  0:38  Gateway  
  16  0:46  Probe (Chrono Boost)  
  17  0:56  Probe (Chrono Boost)  
  18  1:12  Nexus  
  18  1:16  Probe (Chrono Boost)  
  19  1:19  Assimilator  
  19  1:26  Probe (Chrono Boost)  
  19  1:32  Cybernetics Core  
  20  1:37  Probe (Chrono Boost)  
  21  1:44  Assimilator  
  21  1:48  Pylon  
  21  1:50  Probe (Chrono Boost)  
  22  2:01  Probe (Chrono Boost)  
  23  2:07  Adept (Chrono Boost)  
  23  2:11  Probe (Chrono Boost)  
  26  2:16  Warp Gate (Chrono Boost)  
  26  2:22  Probe  
  27  2:23  Probe  
  28  2:30  Adept  
  28  2:34  Probe  
  28  2:35  Probe  
  32  2:46  Probe  
  32  2:48  Gateway  
  32  2:50  Gateway  
  33  2:54  Probe  
  34  2:58  Probe  
  35  3:11  Probe  
  37  3:14  Mothership Core  
  38  3:23  Probe  
  38  3:26  Pylon  
  39  3:35  Probe x2  
  41  3:45  Pylon  
  41  3:47  Probe x2  
  43  3:59  Probe x2  
  43  4:02  Stargate  
  45  4:04  Adept x3, Stargate  
  45  4:08  Assimilator  
  51  4:11  Pylon, Probe  
  51  4:12  Assimilator, Probe  
  53  4:22  Adept  
  53  4:23  Probe  
  53  4:24  Adept, Probe  
  57  4:25  Adept  
  61  4:33  Nexus  
  61  4:35  Probe  
  63  4:38  Probe  
  63  4:42  Pylon  
  63  4:47  Probe  
  64  5:03  Probe x2  
  64  5:04  Phoenix x2 (Chrono Boost)  
  62  5:15  Probe  
  62  5:18  Probe  
  64  5:26  Phoenix (Chrono Boost)  
  64  5:27  Probe  
  63  5:30  Phoenix (Chrono Boost), Probe  
  63  5:34  Adept x3  
  70  5:39  Probe  
  70  5:42  Probe  
  72  5:52  Probe  
  72  5:54  Probe  
  68  6:03  Probe  
  70  6:04  Phoenix x2 (Chrono Boost)  
  70  6:05  Probe  
  70  6:06  Adept x2, Probe  
  79  6:12  Robotics Facility  
  79  6:14  Robotics Facility, Probe  
  79  6:16  Pylon  
  79  6:17  Probe  
  81  6:26  Phoenix x2 (Chrono Boost)  
  81  6:27  Probe  
  81  6:28  Probe  
  81  6:29  Probe  
  88  6:34  Pylon  
  88  6:35  Adept  
  88  6:37  Probe  
  91  6:40  Probe  
  92  6:48  Probe x2, Phoenix (Chrono Boost)  
  92  6:51  Assimilator x2  
  96  6:54  Forge  
  96  6:57  Twilight Council  
  98  7:01  Phoenix (Chrono Boost)  
  98  7:03  Immortal (Chrono Boost)  
  100  7:13  Immortal (Chrono Boost)  
  104  7:15  Phoenix  
  104  7:21  Probe x2  
  108  7:27  Protoss Ground Weapons Level 1  
  108  7:38  Gateway  
  108  7:39  Gateway  
  108  7:41  Gateway  
  108  7:56  Pylon  
  108  8:10  Pylon  
  108  8:11  Pylon  
  108  8:14  Phoenix  
  108  8:15  Immortal (Chrono Boost)  
  108  8:17  Pylon  
  108  8:19  Charge (Chrono Boost)  
  114  8:21  Gateway  
  114  8:22  Adept  
  114  8:23  Gateway  
  114  8:24  Gateway  
  116  8:28  Immortal (Chrono Boost)  
  116  8:29  Zealot  
  122  8:41  Pylon  
  122  8:43  Zealot x2  
  126  8:49  Immortal (Chrono Boost)  
  134  9:02  Immortal (Chrono Boost)  
  134  9:08  Zealot x2  
  134  9:09  Zealot x4  
  146  9:14  Templar Archives  
  146  9:24  Gateway  
  146  9:25  Protoss Ground Weapons Level 2  
  146  9:26  Gateway  
  146  9:30  Pylon  
  146  9:32  Pylon  
  146  9:34  Pylon  
  146  9:36  Zealot  
  148  9:43  Gateway, Immortal  
  148  9:48  Immortal  
  148  9:49  Pylon  
  156  10:02  Zealot x3  
  156  10:03  Zealot x4  
  156  10:06  Pylon  
  170  10:15  High Templar  
  170  10:16  High Templar  
  170  10:17  Immortal  
  170  10:20  Pylon  
  174  10:24  Dark Shrine  
  174  10:25  High Templar x4  
  174  10:26  High Templar  
  188  10:29  Archon x2  
  188  10:31  Archon  
  188  10:38  Warp Prism  
  188  10:42  Zealot  
  192  10:49  Zealot x3  
  132  10:59  Zealot x3  
  132  11:00  Zealot x2  
  112  11:08  Zealot  
  76  11:14  Immortal  
  76  11:34  Templar Archives  
  76  11:37  Dark Templar x7  
Tags
 
Add a new tag
Caveats
  • Supply blocks, unpowered buildings, or Contaminate may cause inaccurate times.
  • Supply counts are checked every 10 seconds.